 Dungeon Crawl Stone Soup version 0.27.1-34-g3ba077fa99 (webtiles) character file.

Game seed: 15401554141785582695

73 Doot the Grasshopper (level 4, -2/23 HPs)
             Began as a Spriggan Warper on Jan 7, 2022.
             Was an Initiate of Gozag.
             Killed from afar by an orc wizard (9 damage)
             ... with a magic dart
             ... on level 4 of the Dungeon.
             The game lasted 00:07:33 (6371 turns).

Doot the Grasshopper (Spriggan Warper)              Turns: 6371, Time: 00:07:35

Health: -2/23      AC:  2    Str:  7    XL:     4   Next: 8%
Magic:  2/9        EV: 19    Int: 15    God:    Gozag
Gold:   119        SH:  0    Dex: 20    Spells: 1/9 levels left

rFire    . . .     SeeInvis +   i - +0 dagger
rCold    . . .     Faith    .   (shield restricted)
rNeg     . . .     Spirit   .   b - +0 robe
rPois    .         Reflect  .   (helmet restricted)
rElec    .         Harm     .   (no cloak)
rCorr    .         Rampage  .   (gloves unavailable)
Will     .....                  (boots unavailable)
Stlth    ++........             (no amulet)
HPRegen  0.07/turn              l - +6 ring of dexterity
MPRegen  0.11/turn              (no ring)

@: very quick
A: very small, no large weapons, unfitting armour, see invisible, speed 3
a: Renounce Religion, Potion Petition, Call Merchant, Bribe Branch


You were on level 4 of the Dungeon.
You worshipped Gozag.
Gozag was aware of your devotion.
You visited 1 branch of the dungeon, and saw 5 of its levels.

You collected 177 gold pieces.
You paid 58 gold pieces to Gozag.

Inventory:

Hand Weapons
 a - a +0 short sword
 i - a +0 dagger (weapon)
Missiles
 g - a throwing net (quivered)
 k - 4 boomerangs
Armour
 b - a +0 robe (worn)
Jewellery
 l - a +6 ring of dexterity (left hand)
Wands
 o - a wand of acid (11)
Scrolls
 c - a scroll of blinking
 e - a scroll of teleportation {unknown}
 h - 2 scrolls of immolation {unknown}
 j - 2 scrolls of enchant weapon {unknown}
 m - a scroll of amnesia {unknown}
 n - a scroll of identify {unknown}
 p - a scroll of noise {unknown}
Potions
 d - a potion of magic {unknown}
 f - 2 potions of brilliance
 q - a potion of flight


   Skills:
 + Level 1.9 Fighting
 + Level 3.2 Short Blades
 + Level 1.1 Throwing
 + Level 4.1 Dodging
 + Level 1.1 Stealth
 + Level 3.1 Spellcasting
 + Level 4.8 Translocations


You had one spell level left.
You knew the following spells:

 Your Spells              Type           Power      Damage    Failure   Level
a - Blink                 Tloc           N/A        N/A       4%          2
b - Teleport Other        Tloc           16%        N/A       9%          3
c - Gell's Gravitas       Tloc           8%         N/A       9%          3

Your spell library contained the following spells:

 Spells                   Type           Power      Damage    Failure   Level
 Shock                    Conj/Air       8%         1d3       21%         1
 Lesser Beckoning         Tloc           8%         N/A       9%          3
 Passwall                 Tmut/Erth      1%         N/A       30%         2
 Swiftness                Air            2%         N/A       52%         3
 Manifold Assault         Tloc           16%        N/A       58%         5
 Airstrike                Air            1%         N/A       89%         4
 Dispersal                Tloc           8%         N/A       99%         6
 Invisibility             Hex            1%         N/A       100%        6


Dungeon Overview and Level Annotations

Branches:
Dungeon (5/15)
 Temple: D:4-7

Altars:
Gozag
Ru


Innate Abilities, Weirdness & Mutations

You are very small and have problems with some larger weapons.
You are too small for most types of armour.
You have supernaturally acute eyesight. (SInv)
You cover ground extremely quickly. (Speed+++)


Message History

The spell is quite dangerous to cast (9% risk of failure)!
Continue anyway?
Okay, then.
The orc priest mumbles some strange prayers to Beogh against you.
You struggle to resist.
The ball python bites you. The ball python closely misses you.
Casting: Teleport Other (quite dangerous; 9% risk of failure)
Confirm with . or Enter, or press ? or * to list all spells.
The spell is quite dangerous to cast (9% risk of failure)!
Continue anyway?
Okay, then.
The ball python bites you. The ball python misses you.
The ball python is distracted by your dazzling golden aura.
The kobold throws a stone.
The stone barely misses you.
The orc is distracted by your dazzling golden aura.
The ball python is no longer distracted by gold.
The ball python is distracted by your dazzling golden aura.
You see here 5 gold pieces.
The ball python is no longer distracted by gold.
The kobold completely misses you.
The black bear growls angrily.
The ball python bites you. The ball python barely misses you.
The kobold completely misses you.
There is an open door here.
You closely miss the ball python.
The orc shouts!
You hear a shout!
The orc is no longer distracted by gold.
The ball python misses you. The ball python grabs you.
The ball python constricts you. The kobold misses you.
Unknown command.
You escape the ball python's grasp.
An orc wizard comes into view. It is wielding a +0 dagger.
An orc comes into view. It is wielding a +0 flail.
The orc shouts!
The orc wizard hits you with a +0 dagger.
Casting: Teleport Other (quite dangerous; 9% risk of failure)
Confirm with . or Enter, or press ? or * to list all spells.
You blink.
The orc wizard points at you and mumbles some strange words.
The magic dart hits you!
You die...
Your body crumbles into a pile of gold.

#§##########.K...#
###o# #....S#
.oo.# #.....###
##### #....§..#
###.o...# #.....#
#..o..# #.....#
#@....# #.....#
#######


You could see an orc wizard, an orc and a ball python.

Vanquished Creatures
  2 adders
  An orc (D:4)
  3 endoplasms
  A giant cockroach (D:3)
  4 goblins
  2 hobgoblins (D:1)
  3 jackals (D:2)
  6 kobolds
  4 quokkas
  9 ball pythons
  6 bats
  4 frilled lizards
  5 rats (D:2)
50 creatures vanquished.

Vanquished Creatures (others)
  2 fungi (D:3)
2 creatures vanquished.

Grand Total: 52 creatures vanquished

Notes
Turn   | Place    | Note
-------+----------+-------------------------------------------
     0 | D:1      | Doot the Spriggan Warper began the quest for the Orb.
     0 | D:1      | Reached XP level 1. HP: 10/10 MP: 5/5
     6 | D:1      | Noticed a polar bear
     6 | D:1      | Noticed a salamander
     6 | D:1      | Noticed a killer bee
     7 | D:1      | Noticed a hound
     7 | D:1      | Noticed an iguana
   546 | D:1      | Reached XP level 2. HP: 9/14 MP: 6/6
   769 | D:1      | Learned a level 2 spell: Blink
  1527 | D:2      | Found a faded altar of an unknown god.
  1604 | D:2      | Reached XP level 3. HP: 7/18 MP: 6/8
  2246 | D:2      | You fall into a shaft and drop 2 floors!
  2246 | D:4      | Noticed a black bear
  2817 | D:3      | Found an opulent altar of Gozag.
  2840 | D:3      | Became a worshipper of Gozag Ym Sagoz the Greedy
  3055 | D:3      | Found a sacrificial altar of Ru.
  3756 | D:3      | Learned a level 3 spell: Teleport Other
  3760 | D:3      | Learned a level 3 spell: Gell's Gravitas
  5059 | D:2      | Reached skill level 1 in Stealth
  5620 | D:3      | Reached XP level 4. HP: 23/23 MP: 9/9
  5842 | D:3      | Noticed a phantom
  6260 | D:5      | Entered Level 5 of the Dungeon
  6371 | D:4      | Killed from afar by an orc wizard

Illustrated notes

Levels and vault maps discovered:
D:1:      onia_arrival_zoo_common, layout_loops_ring
D:2:      layout_loops_corners, shapermc_ecumenical_altar_totnotflames,
          eino_tiny_chamber, minmay_distorted
D:3:      minmay_razor_zed, layout_loops_corners,
          nicolae_ru_great_annihilating_truth, mainiacjoe_overflow_boulevard
D:4:      layout_basic, temple_statues
D:5:      layout_loops_ring, uniq_sigmund

Skill      XL: |  1  2  3 |
---------------+----------+-----
Spellcasting   | 3 |  3.1
Dodging        | 4 |  4.1
Short Blades   | 3 |  3.2
Stealth        | 1 |  1.1
Fighting       | |  1.9
Throwing       | |  1.1
Translocations | |  4.8

Action                   |  1- 3 |  4- 6 || total
-------------------------+-------+-------++-------
Melee: Short sword       |    23 |       ||    23
       Dagger            |   334 |    40 ||   374
Throw: Boomerang         |     5 |       ||     5
 Cast: Blink             |     1 |     3 ||     4
       Teleport Other    |     1 |     2 ||     3
       Gell's Gravitas   |       |     2 ||     2
  Use: Potion            |     3 |       ||     3
 Stab: Sleeping          |     4 |       ||     4
       Distracted        |     1 |       ||     1
       Paralysed         |     1 |       ||     1
Armor: Robe              |    33 |     2 ||    35
Dodge: Dodged            |   315 |    43 ||   358
